 Dungeon Crawl Stone Soup version 0.30-a0-389-g8d7d949f56 (webtiles) character file.

Game seed: 10794807526848120550

228614 Deveroux the Cloud Mage (level 18, -6/90 (103) HPs)
             Began as a Tengu Air Elementalist on Dec 1, 2022.
             Was the Champion of Ru.
             Splashed by a goliath frog's acid (8 damage)
             ... on level 1 of the Swamp on Dec 4, 2022.
             The game lasted 04:39:39 (38374 turns).

Deveroux the Cloud Mage (Tengu Air Elementalist)   Turns: 38374, Time: 04:39:40

HP:   -6/90 (103)   AC:  6    Str:  8    XL:     18   Next: 42%
MP:   24/34         EV: 21    Int: 25    God:    Ru [******]
Gold: 332           SH:  7    Dex: 14    Spells: 8/40 levels left

rFire   + + +      SeeInvis .    V - +9 morningstar of Jowiabbe {vorpal, rN+ Will+ Int+4}
rCold   + + +      Faith    .    H - +1 buckler {rPois}
rNeg    + . .      Spirit   .    a - +2 robe {rC+ rF+}
rPois   +          Reflect  .    (helmet restricted)
rElec   +          Harm     .    L - +2 cloak {Will+}
rCorr   .          Rampage  .    I - +2 pair of gloves {hurl} {+4 Throw Dmg}
Will    +++..                    (boots unavailable)
Stlth   ..........               N - amulet of magic regeneration
HPRegen 0.35/turn                n - ring "Ytipre" {rElec rF+ rC+}
MPRegen 0.64/turn                F - ring "Iriukorch" {rF+ rC+ AC+4}

@: exhausted, marked, corroded, flying quickly and evasively, heavily drained,
unable to drink, quick
A: beak, talons 3, dopey 1, weak 1, inability to drink after injury 2, no
stealth, inability to train armour, unskilled 1, inexperienced 1, nimble flight
}: 1/15 runes: serpentine
a: Renounce Religion, Draw Out Power, Power Leap, Apocalypse


You were on level 1 of the Swamp.
You worshipped Ru.
Ru was exalted by your worship.
You visited 5 branches of the dungeon, and saw 27 of its levels.
You visited 1 bazaar.
You also visited: Sewer, Bailey and Gauntlet.

You collected 2874 gold pieces.
You spent 2542 gold pieces at shops.

Inventory:

Hand Weapons
 t - a +1 hand crossbow of electrocution
 Q - the +10 quarterstaff of the Shoals {freeze, Str+7 Int+4 Dex-5 SInv}
   (You took it off an orc warrior on level 12 of the Dungeon)

   It freezes those it strikes, dealing additional cold damage.
   It can also slow down cold-blooded creatures.
   Str:       It affects your strength (+7).
   Int:       It affects your intelligence (+4).
   Dex:       It affects your dexterity (-5).
   SInv:      It lets you see invisible.
 V - the +9 morningstar of Jowiabbe (weapon) {vorpal, rN+ Will+ Int+4}
   (You bought it in a shop on level 2 of the Orcish Mines)

   It inflicts extra damage upon your enemies.
   Int:       It affects your intelligence (+4).
   rN:        It protects you from negative energy.
   Will:      It increases your willpower.
Missiles
 d - 3 boomerangs of dispersal
 e - 3 silver javelins
 k - a datura-tipped dart (quivered)
 r - 4 curare-tipped darts
 s - 18 boomerangs
 O - 2 throwing nets
Armour
 a - a +2 robe of resistance (worn)
 f - the +10 tower shield of Ignorance {rN+ Int-4}
   (You found it on level 2 of the Orcish Mines)

   Int:       It affects your intelligence (-4).
   rN:        It protects you from negative energy.
 p - a +2 robe of willpower
 H - a +1 buckler of poison resistance (worn)
 I - a +2 pair of gloves of hurling (worn) {+4 Throw Dmg}
 L - a +2 cloak of willpower (worn)
Jewellery
 n - the ring "Ytipre" (left hand) {rElec rF+ rC+}
   (You found it in a Gauntlet)

   [ring of protection from cold]

   rF:        It protects you from fire.
   rC:        It protects you from cold.
   rElec:     It insulates you from electricity.
 q - a ring of see invisible {sInv}
 x - a ring of resist corrosion
 F - the ring "Iriukorch" (right hand) {rF+ rC+ AC+4}
   (You bought it in a shop in a bazaar)

   [ring of protection]

   AC:        It affects your AC (+4).
   rF:        It protects you from fire.
   rC:        It protects you from cold.
 K - a ring of protection from cold {rC+}
 N - an amulet of magic regeneration (around neck)
Wands
 c - a wand of iceblast (18)
 z - a wand of flame (41)
 J - a wand of paralysis (27)
 U - a wand of polymorph (11)
Scrolls
 l - 8 scrolls of vulnerability
 o - 5 scrolls of poison
 u - 3 scrolls of magic mapping
 v - 7 scrolls of amnesia
 w - 13 scrolls of teleportation
 y - 8 scrolls of fear
 A - 5 scrolls of butterflies
 B - 5 scrolls of enchant armour
 C - 3 scrolls of brand weapon
 E - 5 scrolls of summoning
 G - 2 scrolls of immolation
 M - 3 scrolls of blinking
 R - 6 scrolls of silence
 X - 11 scrolls of identify
Potions
 b - 4 potions of magic
 g - a potion of berserk rage {unknown}
 h - 8 potions of curing
 i - 3 potions of haste
 j - 7 potions of heal wounds
 m - 13 potions of mutation
 D - 7 potions of cancellation
 P - 9 potions of might
 S - 4 potions of invisibility
 T - 2 potions of resistance
 Z - a potion of brilliance
Miscellaneous
 W - a phial of floods
 Y - a phantom mirror


   Skills:
 - Level 8.0 Fighting
 - Level 8.0 Maces & Flails
 - Level 6.0 Ranged Weapons
 - Level 12.0 Dodging
 - Level 8.0 Shields
 + Level 11.9 Spellcasting
 - Level 18.0 Conjurations
 - Level 2.0 Ice Magic
 - Level 22.0 Air Magic
 - Level 5.0 Evocations


You had 8 spell levels left.
You knew the following spells:

 Your Spells              Type           Power      Damage    Failure   Level
a - Shock                 Conj/Air       100%       1d9       0%          1
b - Static Discharge      Conj/Air       100%       2-7/arc   0%          2
c - Airstrike             Air            45%        2d(7-23)  0%          4
d - Arcjolt               Conj/Air       43%        1d53      1%          5
e - Swiftness             Air            90%        N/A       0%          3
f - Maxwell's Capacitive  Air            45%        ∞         4%          8
g - Apportation           Tloc           28%        N/A       4%          1
h - Vhi's Electric Charg  Tloc/Air       100%       N/A       1%          3
i - Freezing Cloud        Conj/Ice/Air   35%        6-21      1%          5

Your spell library contained the following spells:

 Spells                   Type           Power      Damage    Failure   Level
 Magic Dart               Conj           100%       1d8       0%          1
 Searing Ray              Conj           100%       2d8       0%          2
 Kiss of Death            Conj/Necr      100%       2d13      1%          1
 Dazzling Flash           Conj/Hex       100%       N/A       1%          3
 Kindle Blastsparks       Fire/Tloc/Air  100%       2d18      1%          3
 Fulminant Prism          Conj/Hex       28%        3d14      1%          4
 Silence                  Hex/Air        31%        N/A       1%          5
 Necrotise                Necr           56%        1d6       4%          1
 Summon Small Mammal      Summ           56%        N/A       4%          1
 Ensorcelled Hibernation  Hex/Ice        38%        N/A       4%          2
 Ozocubu's Armour         Ice            24%        N/A       7%          3
 Confusing Touch          Hex            14%        N/A       16%         3
 Gell's Gravitas          Tloc           14%        N/A       16%         3
 Ignite Poison            Fire/Tmut/Pois 14%        N/A       16%         3
 Inner Flame              Hex/Fire       14%        N/A       16%         3
 Spider Form              Tmut/Pois      14%        N/A       16%         3
 Teleport Other           Tloc           14%        N/A       16%         3
 Summon Ice Beast         Ice/Summ       19%        N/A       32%         4
 Anguish                  Hex/Necr       7%         N/A       45%         4
 Animate Dead             Necr           14%        N/A       45%         4
 Cause Fear               Hex            7%         N/A       45%         4
 Dispel Undead            Necr           14%        3d10      45%         4
 Leda's Liquefaction      Hex/Erth       7%         N/A       45%         4
 Metabolic Englaciation   Hex/Ice        9%         N/A       67%         5
 Agony                    Necr           14%        N/A       80%         5
 Alistair's Intoxication  Tmut/Pois      9%         N/A       80%         5
 Borgnjor's Vile Clutch   Necr/Erth      7%         N/A       80%         5
 Lee's Rapid Deconstruct  Erth           7%         3d6*      80%         5
 Summon Mana Viper        Hex/Summ       14%        N/A       80%         5
 Simulacrum               Ice/Necr       9%         N/A       99%         6
 Death Channel            Necr           7%         N/A       100%        6
 Dispersal                Tloc           7%         N/A       100%        6
 Statue Form              Tmut/Erth      9%         N/A       100%        6
 Monstrous Menagerie      Summ           7%         N/A       100%        7
 Discord                  Hex            7%         N/A       100%        8
 Polar Vortex             Ice            12%        N/A       100%        9


Dungeon Overview and Level Annotations

Branches:
Dungeon (15/15) Zot: 25343  Temple (0/1) D:7            Lair (5/5) D:11 Zot: 23194
  Swamp (1/4) Lair:3 Zot: 5948   Snake (4/4) Lair:3 Zot: 17180   Slime (0/5) Lair:4
    Orc (2/2) D:10 Zot: 9645     Elf (0/3) Orc:2        Vaults (0/5) D:14
 Depths (0/4) D:15          Sewer (visited)          Bailey (visited)
Gauntlet (visited)

Altars:
Gozag
Makhleb
Nemelex Xobeh
Ru
Trog
Uskayaw
Xom
Yredelemnul
Zin
The Shining One
Jiyva

Shops:
D:8 :   D:10 **[   D:11 :   Orc:1 :   Orc:2 :(*(!=[

Portals:
Pandemonium: Orc:2

Annotations:
D:4 Ghost area, stillor's ghost, amateur MfTm
D:13 3 runed translucent doors
Orc:2 1 runed translucent door, exclusion: 4 orange crystal statues


Innate Abilities, Weirdness & Mutations

You have a beak for a mouth.
You have claws for feet.
You are dopey. (Int -2)
You are weak. (Str -2)
You sometimes lose the ability to drink potions when taking damage.
You cannot be stealthy.
You cannot train Armour skill.
You are somewhat unskilled. (-1 Apt)
You are somewhat inexperienced. (-1 XL)
Your magical nature lets you fly swiftly and evasively.


Message History

Casting: Airstrike (safe; 0% risk of failure)
Confirm with . or Enter, or press ? or * to list all spells.
Electricity surges outward!
You kill the swamp worm!
* * * LOW MAGIC WARNING * * *
A vampire mosquito comes into view.
You are restored by drawing out deep reserves of power within.
You feel drained.
The vampire mosquito is stunned by your conviction and fails to attack.
An alligator comes into view.
The goliath frog hits you but does no damage.
A bloated husk comes into view.
The vampire mosquito attacks as you move away!
The vampire mosquito bites you but does no damage.
A swamp worm comes into view.
The vampire mosquito misses you. You block the goliath frog's attack.
The alligator begins to attack, but is stunned by your conviction!
The goliath frog attacks as you move away!
The goliath frog hits you. The acid corrodes you!
You are splashed with acid!
You focus your inner power and blind the goliath frog in retribution!
The goliath frog hits you from afar!
* * * LOW HITPOINT WARNING * * *
You are splashed with acid.
* * * LOW HITPOINT WARNING * * *
You focus your inner power and illuminate the goliath frog in retribution!
You redirect the alligator's attack!
The alligator puts on a burst of speed!
The vampire mosquito completely misses you.
The vampire mosquito attacks as you move away!
The vampire mosquito misses you.
The vampire mosquito is stunned by your conviction and fails to attack.
The vampire mosquito attacks as you move away!
The vampire mosquito closely misses you.
The goliath frog hits you from afar!!
* * * LOW HITPOINT WARNING * * *
The acid corrodes you!
You are splashed with acid!
You die...

♣♣♣♣ ♣♣♣♣~~~♣♣ ~~♣♣
♣~..§~~.♣ ~..~♣♣♣♣♣
♣♣..~~~~~~ ~...~♣~~♣
♣♣.....~~.♣ .~~~....♣
♣~........§ .~..~...♣
♣♣.~~†♣♣... ....~..~♣
♣♣♣@.)~.♣
........♣♣♣Fy~....♣
$...tw~..).♣♣yn~~.♣♣
.......~....♣.~~~~.♣
♣.........~†..~~~~..♣
.................~....
......~..~~~....~...~~.
.)........~§~......~~~~~~
....!..~~..§§~~.~.....~~~


You could see a goliath frog (blind, corona), 2 vampire mosquitoes and a bloated
husk.

Vanquished Creatures
  Vashnia (Snake:3)
  Nikola (Snake:3)
  Jorgrun (Lair:3)
  Mlioglotl (Lair:3)
  Agnes (Snake:3)
  Kirke (Lair:5)
  7 nagarajas (Snake:4)
  Louise (Snake:2)
  Aizul (Snake:3)
  A stone giant (D:15)
  A minotaur (Gauntlet)
  Snorg (Lair:5)
  2 fire dragons
  3 ogre magi
  2 salamander tyrants
  8 centaur warriors
  5 boulder beetles
  10 anacondas
  Erica (D:11)
  4 catoblepae
  3 demonspawn (Orc:2)
  3 hydras
  13 two-headed ogres
  2 tengu warriors (D:15)
  5 orc high priests (Orc:2)
  13 naga warriors
  9 death yaks
  3 shock serpents
  Nergalle (Lair:2)
  12 naga sharpshooters
  A sixfirhy (Orc:2)
  2 skeletal warriors (D:12)
  7 salamander mystics
  A goliath frog (Swamp:1)
  A swamp dragon (Lair:2)
  Pikel (D:6)
  A bog body (Swamp:1)
  7 sea snakes (Snake:4)
  6 naga ritualists
  An obsidian statue (D:13)
  6 orc knights
  A lindwurm (Lair:5)
  2 deep elf zephyrmancers (D:12)
  7 deep elf pyromancers
  10 mana vipers
  8 orc sorcerers
  18 ugly things
  7 manticores
  10 cyclopes
  25 salamanders
  A moth of wrath (Gauntlet)
  A worldbinder (Gauntlet)
  45 black mambas
  A rust devil (Orc:2)
  9 elephants (Lair:3)
  Maurice (D:12)
  13 naga magi
  A water nymph (shapeshifter) (D:12)
  6 guardian serpents
  15 cane toads
  5 torpor snails (Lair:5)
  4 molten gargoyles (D:15)
  7 gargoyles (D:12)
  2 unseen horrors
  An unseen horror (shapeshifter) (D:12)
  A komodo dragon (Lair:4)
  2 kobold demonologists
  4 rime drakes
  3 freezing wraiths (D:12)
  A tengu conjurer (D:9)
  12 trolls
  3 meliai (D:13)
  A hellwing (Orc:2)
  3 polar bears
  9 hornets
  3 tyrant leeches (Lair:5)
  23 blink frogs
  8 slime creatures (D:12)
  11 dream sheep
  A culicivora (shapeshifter) (D:14)
  3 centaur simulacra (Gauntlet)
  2 spriggans (Swamp:1)
  6 wraiths
  27 yaks
  4 shadows
  A ynoxinul (Orc:2)
  4 wyverns
  3 steam dragons
  16 humans (D:14)
  3 redbacks (Gauntlet)
  6 hogs
  5 basilisks
  2 swamp worms (Swamp:1)
  6 wargs
  36 nagas
  2 acid dragons
  33 orc warriors
  11 water moccasins
  A swamp drake (Swamp:1)
  2 black bears
  A sky beast (D:8)
  A meliai simulacrum (D:15)
  A boggart (Gauntlet)
  11 ogres
  3 wolves
  13 centaurs
  A lemure (D:6)
  19 bullfrogs
  10 kobold brigands
  A necrophage (D:8)
  A scorpion (D:5)
  5 gnoll sergeants
  20 wights
  A hornet simulacrum (Gauntlet)
  4 killer bees
  4 electric eels
  8 howler monkeys
  A lava snake (Snake:1)
  5 hounds
  26 orc priests
  Crazy Yiuf (D:7)
  A gnoll bouda (D:7)
  3 iguanas
  14 orc wizards
  Robin (D:2)
  34 gnolls
  18 adders
  A river rat (Sewer)
  2 ufetubi
  9 worms
  A dart slug (D:3)
  93 orcs
  7 endoplasms
  3 giant cockroaches
  16 goblins
  7 hobgoblins
  4 jackals (D:3)
  5 quokkas
  12 ball pythons
  4 bats
  5 frilled lizards
  28 kobolds
  9 rats
1023 creatures vanquished.

Vanquished Creatures (collateral kills)
  A howler monkey (D:11)
1 creature vanquished.

Vanquished Creatures (others)
  A centaur warrior (D:12)
  A lindwurm (Lair:5)
  An ugly thing (D:14)
  A black mamba (Snake:2)
  A hog (Lair:5)
  A yak (Lair:4)
  A kobold (D:11)
  30 fungi
  46 plants
83 creatures vanquished.

Grand Total: 1107 creatures vanquished

Notes
Turn   | Place    | Note
-------+----------+-------------------------------------------
     0 | D:1      | Deveroux the Tengu Air Elementalist began the quest for the
                  | Orb.
     0 | D:1      | Reached XP level 1. HP: 10/10 MP: 4/4
    89 | D:1      | You fall into a shaft and drop 1 floor!
   135 | D:2      | Reached skill level 2 in Conjurations
   147 | D:2      | Reached skill level 3 in Dodging
   147 | D:2      | Reached XP level 2. HP: 9/16 MP: 0/6
   426 | D:1      | Reached skill level 1 in Fighting
   528 | D:1      | Learned a level 2 spell: Static Discharge
   781 | D:1      | Reached XP level 3. HP: 20/20 MP: 3/7
  1109 | D:2      | Learned a level 3 spell: Swiftness
  1233 | D:2      | Reached skill level 2 in Fighting
  1464 | D:2      | HP: 4/21 [adder (4)]
  1593 | D:2      | Noticed Robin
  1604 | D:2      | Killed Robin
  1605 | D:2      | Reached XP level 4. HP: 20/26 MP: 1/8
  1743 | D:2      | Reached skill level 3 in Conjurations
  2046 | D:2      | Reached skill level 5 in Air Magic
  2052 | D:2      | Gained mutation: Your magical nature lets you fly swiftly
                  | and evasively. [Tengu growth]
  2052 | D:2      | Reached XP level 5. HP: 30/30 MP: 2/9
  2054 | D:2      | Reached skill level 4 in Conjurations
  2298 | D:3      | Found a sacrificial altar of Ru.
  2449 | D:3      | Became a worshipper of Ru the Awakened
  2488 | D:3      | Reached skill level 6 in Air Magic
  2853 | D:3      | Found a faded altar of an unknown god.
  2923 | D:3      | Reached XP level 6. HP: 25/35 MP: 4/10
  3374 | D:4      | Reached skill level 5 in Conjurations
  3525 | D:4      | Gained mutation: You cannot train Armour skill. [Ru
                  | sacrifice]
  3525 | D:4      | Reached * piety under Ru
  3640 | D:4      | Reached skill level 7 in Air Magic
  3739 | D:4      | Found a basalt altar of Yredelemnul.
  3739 | D:4      | Found a bloodstained altar of Trog.
  3741 | D:4      | Found a glowing silver altar of Zin.
  3835 | D:4      | Found a transporter.
  3836 | D:4      | Found a transporter.
  3836 | D:4      | Noticed stillor's ghost (amateur MfTm)
  3958 | D:5      | Entered Level 5 of the Dungeon
  3971 | D:5      | HP: 7/35 [ogre/+0 giant club (26)]
  3973 | D:5      | Reached skill level 6 in Conjurations
  3973 | D:5      | Reached XP level 7. HP: 8/40 MP: 1/11
  4102 | D:5      | Learned a level 4 spell: Airstrike
  4157 | D:5      | Reached skill level 8 in Air Magic
  4297 | D:5      | Found a burning altar of Makhleb.
  4374 | D:5      | Found a glowing drain.
  4380 | Sewer    | Entered a sewer
  4471 | Sewer    | Reached skill level 3 in Spellcasting
  5133 | D:5      | Reached skill level 4 in Spellcasting
  5318 | D:5      | Reached XP level 8. HP: 44/44 MP: 11/15
  5557 | D:5      | Reached skill level 9 in Air Magic
  5721 | D:6      | Reached skill level 10 in Air Magic
  6328 | D:6      | Reached skill level 3 in Fighting
  6332 | D:6      | Reached skill level 4 in Dodging
  6457 | D:6      | Reached skill level 5 in Spellcasting
  6595 | D:6      | Reached XP level 9. HP: 50/50 MP: 10/18
  6795 | D:6      | Found a glowing golden altar of the Shining One.
  7053 | D:7      | Reached skill level 6 in Spellcasting
  7145 | D:7      | Noticed Pikel
  7169 | D:6      | HP: 11/51 [Pikel/+2 whip of flaming (2)]
  7175 | D:6      | Killed Pikel
  7176 | D:6      | Reached skill level 4 in Fighting
  7176 | D:6      | Reached skill level 5 in Dodging
  7319 | D:6      | Upgraded the game from 0.30-a0-378-g86d51d8b50 to
                  | 0.30-a0-385-gfebfb9b408
  7340 | D:7      | Reached skill level 6 in Dodging
  7499 | D:7      | HP: 13/52 [poisoned by a killer bee]
  7502 | D:6      | HP: 6/52 [poisoned by a killer bee]
  7507 | D:6      | HP: 4/53 [poisoned by a killer bee]
  7865 | D:7      | Reached skill level 5 in Fighting
  7865 | D:7      | Reached skill level 7 in Dodging
  7938 | D:7      | Found a staircase to the Ecumenical Temple.
  8343 | D:7      | Reached skill level 7 in Conjurations
  8405 | D:7      | Reached XP level 10. HP: 59/59 MP: 2/20
  8669 | D:7      | Reached skill level 8 in Dodging
  8732 | D:7      | Reached skill level 8 in Conjurations
  8869 | D:7      | Found a shimmering altar of Xom.
  9015 | D:7      | Found a runed translucent door.
  9016 | D:7      | Noticed Crazy Yiuf
  9021 | D:7      | Killed Crazy Yiuf
  9102 | D:8      | Found a sparkling altar of Nemelex Xobeh.
  9228 | D:8      | Reached skill level 11 in Air Magic
  9278 | D:8      | Found a hide-covered altar of Uskayaw.
  9278 | D:8      | Noticed a +0 falchion
  9278 | D:8      | Noticed a +0 short sword
  9281 | D:8      | Noticed a +0 dagger
  9289 | D:8      | Noticed a +0 falchion
  9289 | D:8      | Noticed a +0 dagger
  9291 | D:8      | Noticed a +0 spear
  9291 | D:8      | Noticed a +0 short sword
  9291 | D:8      | Noticed a +0 spear
  9318 | D:8      | Learned a level 5 spell: Arcjolt
  9318 | D:8      | Found Gufuqe's Vocational Training.
  9438 | D:8      | Identified the +5 short sword of the Arena {vorpal, rElec
                  | rF+++ Will- Dex-4}
  9769 | D:8      | Found a flagged portal.
  9778 | Bailey   | Entered a bailey
 10217 | Bailey   | Reached skill level 12 in Air Magic
 10635 | D:9      | Reached skill level 9 in Conjurations
 10782 | D:9      | Identified the +6 war axe of Uskayaw's Displeasure {elec,
                  | Str+6}
 10875 | D:9      | Gained mutation: You are weak. (Str -2) [Ru sacrifice]
 10875 | D:9      | Reached ** piety under Ru
 10974 | D:9      | Found an opulent altar of Gozag.
 11094 | D:9      | Reached skill level 10 in Conjurations
 11126 | D:9      | Noticed a four-headed hydra
 11136 | D:9      | Killed a four-headed hydra
 11369 | D:10     | Entered Level 10 of the Dungeon
 11408 | D:10     | Reached XP level 11. HP: 64/64 MP: 13/21
 11486 | D:10     | Found Xagoups's General Store.
 11492 | D:10     | Bought a scroll of teleportation for 36 gold pieces
 11492 | D:10     | Bought a scroll of identify for 24 gold pieces
 11533 | D:10     | Found a staircase to the Orcish Mines.
 11538 | D:10     | Reached skill level 6 in Fighting
 11547 | D:10     | Reached skill level 9 in Dodging
 11659 | D:10     | Reached skill level 7 in Spellcasting
 11952 | D:10     | Found Keegyiz's Antique Armour Boutique.
 12112 | D:10     | Noticed a two-headed ogre
 12119 | D:10     | Killed a two-headed ogre
 12297 | D:10     | Found Wumeuv's Magic Scroll Emporium.
 12561 | D:10     | Found Cukul's General Store.
 12663 | D:11     | Noticed Erica
 12669 | D:11     | Killed Erica
 12670 | D:11     | Reached skill level 7 in Fighting
 12708 | D:11     | Noticed a sixfirhy
 12713 | D:11     | Found a bloodstained altar of Trog.
 12713 | D:11     | Noticed a manticore
 12895 | D:11     | Noticed a manticore
 12961 | D:11     | Upgraded the game from 0.30-a0-385-gfebfb9b408 to
                  | 0.30-a0-389-g8d7d949f56
 13054 | D:11     | Killed a manticore
 13061 | D:11     | Reached skill level 10 in Dodging
 13174 | D:11     | HP: 8/67 [manticore/volley of spikes (16)]
 13179 | D:11     | Killed a manticore
 13180 | D:11     | Reached skill level 8 in Spellcasting
 13634 | D:11     | Found Wiam's Book Boutique.
 13670 | D:11     | Gained mutation: You cannot be stealthy. [Ru sacrifice]
 13670 | D:11     | Reduced skill Stealth to level 0
 13729 | D:11     | Noticed a two-headed ogre
 13849 | D:11     | Killed a two-headed ogre
 13850 | D:11     | Reached skill level 8 in Fighting
 13950 | D:11     | Found a staircase to the Lair.
 14142 | Lair:1   | Entered Level 1 of the Lair of Beasts
 14169 | Lair:1   | Reached skill level 13 in Air Magic
 14169 | Lair:1   | Reached XP level 12. HP: 65/73 MP: 2/25
 14345 | Lair:1   | Noticed a catoblepas
 14351 | Lair:1   | HP: 14/73 [catoblepas/blast of calcifying dust (11)]
 14353 | Lair:1   | Killed a catoblepas
 14354 | Lair:1   | Reached skill level 14 in Air Magic
 14663 | Lair:1   | Noticed a four-headed hydra
 14669 | Lair:1   | Killed a four-headed hydra
 14832 | Lair:1   | Noticed a catoblepas
 14837 | Lair:1   | Killed a catoblepas
 14838 | Lair:1   | Reached skill level 15 in Air Magic
 15429 | Lair:2   | Reached skill level 16 in Air Magic
 15547 | Lair:2   | Reached skill level 1 in Shields
 15547 | Lair:2   | Reached skill level 1 in Evocations
 15735 | Lair:2   | Reached skill level 2 in Shields
 15735 | Lair:2   | Reached skill level 2 in Evocations
 15988 | Lair:2   | Noticed Nergalle
 15991 | Lair:2   | Reached skill level 3 in Evocations
 15994 | Lair:2   | Killed Nergalle
 15995 | Lair:2   | Reached skill level 3 in Shields
 16294 | Lair:3   | Noticed a death yak
 16297 | Lair:2   | Reached XP level 13. HP: 52/78 MP: 20/26
 16461 | Lair:2   | Reached skill level 4 in Evocations
 16588 | Lair:3   | Reached skill level 4 in Shields
 16590 | Lair:3   | Reached skill level 9 in Spellcasting
 16590 | Lair:3   | Gained mutation: You are somewhat unskilled. (-1 Apt) [Ru
                  | sacrifice]
 16590 | Lair:3   | Reduced skill Fighting to level 7
 16590 | Lair:3   | Reduced skill Dodging to level 9
 16590 | Lair:3   | Reduced skill Shields to level 3
 16590 | Lair:3   | Reduced skill Spellcasting to level 8
 16590 | Lair:3   | Reduced skill Conjurations to level 9
 16590 | Lair:3   | Reduced skill Air Magic to level 14
 16590 | Lair:3   | Reduced skill Evocations to level 3
 16590 | Lair:3   | Reached *** piety under Ru
 16592 | Lair:3   | Found a staircase to the Swamp.
 16615 | Lair:3   | Reached skill level 4 in Shields
 16615 | Lair:3   | Reached skill level 15 in Air Magic
 16615 | Lair:3   | Reached skill level 4 in Evocations
 16615 | Lair:3   | Reached XP level 14. HP: 82/83 MP: 27/27
 16616 | Lair:3   | Reached skill level 9 in Spellcasting
 16616 | Lair:3   | Reached skill level 16 in Air Magic
 16616 | Lair:3   | Reached XP level 15. HP: 88/88 MP: 27/29
 17057 | Lair:3   | Reached skill level 10 in Conjurations
 17262 | Lair:3   | Reached skill level 8 in Fighting
 17280 | Lair:3   | Reached skill level 5 in Evocations
 17380 | Lair:3   | Reached skill level 5 in Shields
 17388 | Lair:3   | Reached skill level 10 in Dodging
 17496 | Lair:3   | Found a staircase to the Snake Pit.
 17578 | Lair:3   | Reached skill level 10 in Spellcasting
 17787 | Lair:4   | Found a gate leading to a gauntlet.
 17796 | Gauntlet | Entered a Gauntlet
 17796 | Gauntlet | Found a transporter.
 17807 | Gauntlet | Found a transporter.
 17809 | Gauntlet | Found a transporter.
 17820 | Gauntlet | Found a transporter.
 17823 | Gauntlet | Found a transporter.
 17826 | Gauntlet | Found a runed translucent door.
 17827 | Gauntlet | Found a runed translucent door.
 17830 | Gauntlet | Found a transporter.
 17856 | Gauntlet | Found a transporter.
 17868 | Gauntlet | Found a transporter.
 17873 | Gauntlet | Found a transporter.
 17873 | Gauntlet | Found a transporter.
 17889 | Gauntlet | Found a transporter.
 17913 | Gauntlet | Found a transporter.
 17927 | Gauntlet | Found a transporter.
 17928 | Gauntlet | Found a transporter.
 18192 | Gauntlet | Reached skill level 17 in Air Magic
 18199 | Gauntlet | Identified the ring "Ytipre" {rElec rF+ rC+}
 18228 | Gauntlet | Identified the +0 plate armour "Dieleoxi" {Harm MP+9 Int+5
                  | Dex-5}
 18278 | Gauntlet | Identified the +3 sling of Icveo {vorpal, rF++ MP-9 Str+5}
 18706 | Lair:4   | Reached skill level 18 in Air Magic
 19015 | Lair:4   | Found a staircase to the Slime Pits.
 19015 | Lair:4   | Found a viscous altar of Jiyva.
 19028 | Lair:4   | Gained mutation: You are dopey. (Int -2) [Ru sacrifice]
 19028 | Lair:4   | Reached **** piety under Ru
 19174 | Lair:4   | Identified the +3 plate armour of Niagre {Will+ rCorr
                  | Slay+5}
 19377 | Lair:5   | Entered Level 5 of the Lair of Beasts
 19377 | Lair:5   | Noticed Kirke
 19697 | Lair:5   | Noticed Snorg
 19878 | Lair:5   | Reached skill level 6 in Shields
 19883 | Lair:5   | Killed Kirke
 19965 | Lair:5   | Reached skill level 11 in Conjurations
 20081 | Lair:5   | Killed Snorg
 20451 | Lair:5   | Found a runed translucent door.
 20478 | Lair:5   | Reached skill level 11 in Dodging
 20478 | Lair:5   | Reached XP level 16. HP: 93/93 MP: 11/31
 20490 | Lair:5   | HP: 14/90 [tyrant leech (16)]
 21564 | Orc:1    | Entered Level 1 of the Orcish Mines
 21605 | Orc:1    | Found Votwott's Book Boutique.
 21788 | Orc:1    | Reached skill level 7 in Shields
 22027 | Orc:2    | Entered Level 2 of the Orcish Mines
 22032 | Orc:2    | Found Asuaff's Book Shoppe.
 22038 | Orc:2    | Found a flickering gateway to a bazaar.
 22053 | Bazaar   | Entered a bazaar
 22053 | Bazaar   | Found Joasaeps's Jewellery Emporium.
 22058 | Bazaar   | Gained mutation: You are somewhat inexperienced. (-1 XL)
                  | [Ru sacrifice]
 22058 | Bazaar   | Reached XP level 15. HP: 88/88 MP: 17/30
 22058 | Bazaar   | Reached ***** piety under Ru
 22072 | Bazaar   | Found Hesor's Weapon Shoppe.
 22072 | Bazaar   | Found Vampuani's Distillery.
 22080 | Bazaar   | Found Neptut's Jewellery Boutique.
 22091 | Bazaar   | Found Qynapag's Antique Armour Shoppe.
 22111 | Bazaar   | Bought the ring "Iriukorch" {rF+ rC+ AC+4} for 912 gold
                  | pieces
 22123 | Bazaar   | Bought a heavily runed ring mail for 252 gold pieces
 22123 | Bazaar   | Identified the +0 ring mail "Asilei" {Int+4} (You bought it
                  | in a shop in a bazaar)
 22614 | Orc:2    | Found a staircase to the Elven Halls.
 22628 | Orc:2    | Learned a level 8 spell: Maxwell's Capacitive Coupling
 22658 | Orc:2    | Reached skill level 12 in Conjurations
 22783 | Orc:2    | Found Libeof's Weapon Boutique.
 22940 | Orc:2    | Found Likiwn's Armour Boutique.
 23061 | Orc:2    | Found a runed translucent door.
 23076 | Orc:2    | Found the +10 tower shield of Ignorance {rN+ Int-4}
 23113 | Orc:2    | Found a runed translucent door.
 23141 | Orc:2    | Learned a level 1 spell: Apportation
 23209 | Orc:2    | Found Toukk's Distillery.
 23212 | Orc:2    | Found Teilif's General Store.
 23599 | Orc:2    | Gained mutation: You occasionally lose the ability to drink
                  | potions when taking damage. [Ru sacrifice]
 23599 | Orc:2    | Gained mutation: You sometimes lose the ability to drink
                  | potions when taking damage. [Ru sacrifice]
 23599 | Orc:2    | Reached ****** piety under Ru
 23635 | Orc:2    | Reached skill level 8 in Shields
 23696 | Orc:2    | Reached skill level 12 in Dodging
 23830 | Orc:2    | Found Myez's Jewellery Shop.
 23830 | Orc:2    | Found Focoifus's Antique Weapon Boutique.
 23830 | Orc:2    | Found a one-way gate leading to the halls of Pandemonium.
 23840 | Orc:2    | Bought a glowing hand crossbow for 175 gold pieces
 24501 | D:12     | Reached skill level 19 in Air Magic
 24877 | D:12     | Noticed Maurice
 24893 | D:12     | Killed Maurice
 25219 | D:12     | Paralysed by an ogre mage for 4 turns
 25271 | D:12     | Identified the +10 quarterstaff of the Shoals {freeze,
                  | Str+7 Int+4 Dex-5 SInv}
 25483 | D:12     | Paralysed by an ogre mage for 4 turns
 25492 | D:12     | Reached skill level 20 in Air Magic
 25517 | D:12     | HP: 21/88 [centaur warrior/+0 vorpal halberd (8)]
 25521 | D:12     | Reached skill level 1 in Ranged Weapons
 25651 | D:12     | Reached skill level 2 in Ranged Weapons
 25732 | D:12     | Identified the +5 shortbow of the Uplifting Gods
                  | {antimagic, rPois}
 25758 | D:12     | Reached skill level 3 in Ranged Weapons
 25864 | D:12     | Identified the +1 scale mail of Midnight {rElec rC+ rN+
                  | Str-5}
 26006 | D:12     | Reached skill level 4 in Ranged Weapons
 26168 | D:12     | Reached XP level 16. HP: 91/93 MP: 16/31
 26237 | D:12     | Reached skill level 5 in Ranged Weapons
 26862 | D:13     | Found a runed translucent door.
 27098 | D:13     | Identified the +1 helmet of the Monkey {Regen+ rCorr Int-3
                  | Dex+4}
 27188 | D:13     | HP: 21/93 [centaur warrior/arrow (21)]
 27452 | D:13     | Reached skill level 13 in Conjurations
 27504 | D:13     | Found a runed translucent door.
 27638 | D:13     | Found a runed translucent door.
 27652 | D:13     | Found a runed translucent door.
 28069 | D:14     | Found a gate to the Vaults.
 28458 | D:14     | Learned a level 3 spell: Vhi's Electric Charge
 28536 | D:14     | Reached skill level 21 in Air Magic
 28648 | D:14     | Reached skill level 14 in Conjurations
 28944 | D:15     | Entered Level 15 of the Dungeon
 29764 | D:15     | Found a staircase to the Depths.
 30461 | D:12     | Reached skill level 22 in Air Magic
 30591 | Snake:1  | Entered Level 1 of the Snake Pit
 31408 | Orc:2    | Bought the +9 morningstar of Jowiabbe {vorpal, rN+ Will+
                  | Int+4} for 1143 gold pieces
 31692 | Snake:1  | Reached skill level 1 in Maces & Flails
 31734 | Snake:1  | Reached skill level 6 in Ranged Weapons
 31838 | Snake:1  | Reached skill level 2 in Maces & Flails
 31939 | Snake:1  | Learned a level 5 spell: Freezing Cloud
 32730 | Snake:2  | Reached XP level 17. HP: 97/97 MP: 21/32
 32741 | Snake:2  | Reached skill level 1 in Ice Magic
 32883 | Snake:2  | Reached skill level 3 in Maces & Flails
 32896 | Snake:2  | Reached skill level 2 in Ice Magic
 32958 | Snake:2  | You are sucked into a shaft and drop 1 floor!
 32969 | Snake:3  | Noticed Agnes
 32982 | Snake:3  | Noticed Nikola
 33019 | Snake:3  | Noticed Aizul
 33025 | Snake:3  | Killed Aizul
 33026 | Snake:3  | Reached skill level 15 in Conjurations
 33173 | Snake:2  | Reached skill level 4 in Maces & Flails
 33637 | Snake:2  | HP: 18/93 [naga warrior/+0 long sword (13)]
 33641 | Snake:2  | HP: 8/93 [poisoned by a naga warrior (splash of poison)]
 33973 | Snake:2  | Noticed Louise
 33982 | Snake:2  | Killed Louise
 33983 | Snake:2  | Reached skill level 5 in Maces & Flails
 34135 | Snake:3  | Killed Agnes
 34188 | Snake:3  | Killed Nikola
 34312 | Snake:3  | Noticed Vashnia
 34558 | Snake:3  | Reached skill level 6 in Maces & Flails
 34681 | Snake:3  | Reached skill level 16 in Conjurations
 34779 | Snake:3  | Killed Vashnia
 34817 | Snake:3  | Reached skill level 7 in Maces & Flails
 35372 | Snake:4  | Entered Level 4 of the Snake Pit
 35669 | Snake:4  | Reached skill level 8 in Maces & Flails
 36566 | Snake:4  | Reached XP level 18. HP: 89/103 MP: 19/33
 36569 | Snake:4  | Reached skill level 17 in Conjurations
 36639 | Snake:4  | Reached skill level 11 in Spellcasting
 37330 | Snake:4  | HP: 23/103 [poisoned by a sea snake]
 37335 | Snake:4  | HP: 14/103 [poisoned by a sea snake]
 37340 | Snake:4  | HP: 11/103 [poisoned by a sea snake]
 38024 | Snake:4  | Got a serpentine rune of Zot
 38185 | Swamp:1  | Entered Level 1 of the Swamp
 38185 | Swamp:1  | Noticed Mlioglotl
 38185 | Swamp:1  | Noticed Jorgrun
 38194 | Lair:3   | Killed Jorgrun
 38258 | Lair:3   | Killed Mlioglotl
 38259 | Lair:3   | Reached skill level 18 in Conjurations
 38367 | Swamp:1  | HP: 17/95 [swamp worm/harpoon shot (17)]
 38372 | Swamp:1  | HP: 21/90 [acid (6)]
 38374 | Swamp:1  | HP: 2/90 [goliath frog (20)]
 38374 | Swamp:1  | Splashed by a goliath frog's acid

Illustrated notes

Levels and vault maps discovered:
D:1:      dpeg_arrival_stone_temple_mockup, layout_basic,
          nicolae_concentric_dashed_squares_mild, nrook_mini_vaults,
          serial_park_tiny_1
D:2:      layout_basic, nicolae_wormholes, uniq_robin
D:3:      layout_rooms, nicolae_ru_sacrificial_ziggurat, serial_corexii_hall,
          chequers_hall_statues_y, corexii_hall_statues_s,
          ebering_ecumenical_altar_rust, minmay_bisected
D:4:      layout_loops_cross, chequers_temple_overflow_statue_of_worship,
          gammafunk_ghost_smash
D:5:      layout_basic, mainiacjoe_overflow_small_starburst,
          gup_sewer_entry_bubbles
D:6:      layout_gridville, tso_altar
D:7:      layout_basic, kennysheep_little_box, minmay_temple_entry_tees,
          uniq_pikel, uniq_crazy_yiuf_cottage
D:8:      layout_basic, mainiacjoe_overflow_alcove_1, nicolae_uskayaw_en_pointe,
          enter_bailey_7, nicolae_shop_vocational
D:9:      minmay_opposing_rooms, layout_basic, old_standard_altar,
          kennysheep_flooded_box
D:10:     layout_grid_maze, kennysheep_orc_monster_closet_entryway,
          serial_shops, shop, nicolae_shop_temple_entry_statues_fountains,
          nicolae_shop_statue_plus, nicolae_lakefront_shop
D:11:     layout_basic, lair_entry_dummy, serial_shops, shop, bloody_trog,
          uniq_erica
D:12:     minmay_the_grid_square_5x5_5x5_mashed
          [minmay_the_grid_square_5x5_beaten_path,
          minmay_the_grid_square_5x5_lines, minmay_the_grid_square_5x5_bridge,
          minmay_the_grid_square_5x5_tri_point,
          minmay_the_grid_square_5x5_eight,
          minmay_the_grid_square_5x5_gyroscope,
          minmay_the_grid_square_5x5_prize_waves,
          minmay_the_grid_square_5x5_longway,
          minmay_the_grid_square_5x5_prize_itemx,
          minmay_the_grid_square_5x5_mess,
          minmay_the_grid_square_5x5_checkered_statues,
          minmay_the_grid_square_5x5_shrine1,
          minmay_the_grid_square_5x5_prize_rear_guard,
          minmay_the_grid_square_5x5_inner_z,
          minmay_the_grid_square_5x5_tetrominoes,
          minmay_the_grid_square_5x5_hollow_slash,
          minmay_the_grid_square_5x5_prize_junk,
          minmay_the_grid_square_5x5_inner_v,
          minmay_the_grid_square_5x5_prize_snowflake,
          minmay_the_grid_square_5x5_shuriken, minmay_the_grid_square_5x5_empty,
          minmay_the_grid_square_5x5_sharp_hourglass,
          minmay_the_grid_square_5x5_c, minmay_the_grid_square_5x5_doubleslash,
          minmay_the_grid_square_5x5_half_checkered], layout_irregular_city,
          uniq_maurice
D:13:     layout_rooms, minmay_statue_crystal_thing
D:14:     layout_irregular_city, david_vaults_3,
          amcnicky_mini_rare_corridor_liquid
D:15:     grunt_enter_depths_snipers, layout_loops_corners,
          minmay_misc_feat_secret_circle, minivault_8
Lair:1:   wad_woods_04, layout_regular_city, beast_lair_carwin_5
Lair:2:   layout_cave_shapes, uniq_nergalle
Lair:3:   layout_cave_shapes, minmay_swamp_entry_reptiles,
          guppyfry_snake_entry_garden, lemuel_fruit_tree, lemuel_fruit_fields,
          serial_bayou_shore_a
Lair:4:   beast_lair_carwin_large_4, layout_gridlike, slime_entry_1,
          gauntlet_entry_generic
Lair:5:   wormcave, layout_misc_corridors, st_stairs_5, minivault_25,
          uniq_snorg, uniq_kirke
Swamp:1:  layout_basic_swamp, nicolae_swamp_round_clearing,
          nicolae_swamp_bloodsuckers_inc, uniq_mlioglotl, uniq_frances,
          uniq_jorgrun
Snake:1:  layout_layer_cave, nicolae_snake_salamander_fort
Snake:2:  layout_grid_maze, serial_bayou_crossing, uniq_louise
Snake:3:  layout_misc_corridors, uniq_vashnia, uniq_nikola, uniq_aizul,
          uniq_agnes
Snake:4:  grunt_snake_rune_pools, layout_cave_town, nicolae_snake_bzzzt
Orc:1:    layout_caves, serial_shops,
          nicolae_shop_temple_entry_statues_fountains
Orc:2:    pf_orc_diabolical, layout_caves, serial_shops, bzr_entry_customers,
          shop, nicolae_shop_advertising_works [nicolae_subvault_shop_adworks],
          shop, chequers_guarded_unrand_ignorance

Skill      XL: |  1  2  3  4  5  6  7  8  9 10 11 12 13 14 15 16 17 18 |
---------------+-------------------------------------------------------+-----
Conjurations   | 2 3 4 6 7 10 9 12 14 16 18 | 18.0
Dodging        | 3 4 7 8 10 9 12 | 12.0
Fighting       | 1 2 3 5 8 7 8 |  8.0
Air Magic      | 5 6 7 8 10 12 13 16 15 16 20 22 | 22.0
Spellcasting   | 4 5 6 8 8 9 10 11 | 11.9
Stealth        | 0 |  0.0
Shields        | 3 4 8 7 |  8.0
Evocations     | 3 4 5 |  5.0
Ranged Weapons | 4 6 |  6.0
Maces & Flails | 2 8 |  8.0
Ice Magic      | 2 |  2.0

Action                   |  1- 3 |  4- 6 |  7- 9 | 10-12 | 13-15 | 16-18 || total
-------------------------+-------+-------+-------+-------+-------+-------++-------
Melee: Quarterstaff      |    34 |    17 |       |       |       |       ||    51
       Peck              |     5 |     2 |     7 |     9 |    24 |    29 ||    76
       Kick              |     4 |     8 |    10 |    10 |    35 |    39 ||   106
       Unarmed           |     2 |       |       |       |       |       ||     2
       Falchion          |       |    11 |    45 |       |       |       ||    56
       Punch             |       |     1 |       |       |       |       ||     1
       Battleaxe         |       |       |       |    11 |       |       ||    11
       War axe           |       |       |       |    25 |    95 |     7 ||   127
       Morningstar       |       |       |       |       |       |    85 ||    85
 Fire: Hand crossbow     |       |       |       |       |    67 |    42 ||   109
Throw: Dart              |       |       |       |       |       |     2 ||     2
 Cast: Shock             |    58 |   117 |   191 |   140 |   140 |    38 ||   684
       Static Discharge  |       |     6 |    33 |    16 |     6 |     1 ||    62
       Airstrike         |       |       |    19 |   126 |    89 |   253 ||   487
       Swiftness         |       |       |     2 |     2 |     4 |     3 ||    11
       Arcjolt           |       |       |       |    64 |   221 |   317 ||   602
       Maxwell's Capacit |       |       |       |       |    23 |    23 ||    46
       Apportation       |       |       |       |       |     3 |     1 ||     4
       Freezing Cloud    |       |       |       |       |       |    11 ||    11
Invok: Sacrifice Durabil |       |     1 |       |       |       |       ||     1
       Reject Sacrifices |       |       |     1 |       |       |       ||     1
       Sacrifice Purity  |       |       |       |     1 |     1 |       ||     2
       Sacrifice Stealth |       |       |       |     1 |       |       ||     1
       Sacrifice Skill   |       |       |       |       |     1 |       ||     1
       Draw Out Power    |       |       |       |       |     9 |    11 ||    20
       Power Leap        |       |       |       |       |     2 |     2 ||     4
       Sacrifice Drink   |       |       |       |       |     1 |       ||     1
       Sacrifice Experie |       |       |       |       |     1 |       ||     1
       Apocalypse        |       |       |       |       |       |     2 ||     2
Evoke: Wand              |       |       |     1 |    10 |    10 |     5 ||    26
       Phantom mirror    |       |       |       |     1 |       |     3 ||     4
       Phial of floods   |       |       |       |       |       |     1 ||     1
  Use: Potion            |     1 |       |     2 |     2 |     5 |     1 ||    11
       Scroll            |       |       |     5 |     9 |     7 |    14 ||    35
 Stab: Sleeping          |     1 |     3 |     1 |     1 |       |       ||     6
       Paralysed         |       |       |       |       |     7 |     5 ||    12
       Petrified         |       |       |       |       |     6 |       ||     6
       Petrifying        |       |       |       |       |     1 |       ||     1
Armor: Robe              |     8 |     8 |    14 |    17 |    43 |    71 ||   161
       Skin              |     3 |       |       |       |       |       ||     3
       Steam dragon scal |       |       |       |       |    22 |       ||    22
Dodge: Dodged            |    39 |    21 |   106 |   131 |   275 |   375 ||   947
Block: Buckler           |       |       |       |       |    86 |   145 ||   231

Table legend: (Time is in decaauts)
 A = Elapsed time spent in this place.
 B = Non-inter-level travel time spent in this place.
 C = Inter-level travel time spent in this place.
 D = Time resting spent in this place.
 E = Time spent auto-exploring this place.
 F = Levels seen in this place.
 G = Mean time per level.
                   A        B        C        D        E       F      G
               +--------+--------+--------+--------+--------+-----+--------+
         Total |  36643 |  34189 |   2454 |  11029 |  11262 |  31 | 1182.0 |
       Dungeon |  18846 |  17764 |   1082 |   5173 |   5991 |  15 | 1256.4 |
          Lair |   6805 |   5970 |    835 |   1936 |   2093 |   5 | 1361.0 |
         Swamp |     50 |     50 |      0 |     11 |      0 |   1 |   50.0 |
     Snake Pit |   6819 |   6531 |    288 |   2688 |   2189 |   4 | 1704.8 |
  Orcish Mines |   2354 |   2107 |    247 |    622 |    495 |   2 | 1177.0 |
        Bazaar |     73 |     73 |      0 |      0 |      0 |   1 |   73.0 |
         Sewer |    564 |    564 |      0 |    242 |    160 |   1 |  564.0 |
        Bailey |    595 |    595 |      0 |    337 |     46 |   1 |  595.0 |
      Gauntlet |    534 |    534 |      0 |     18 |    285 |   1 |  534.0 |
               +--------+--------+--------+--------+--------+-----+--------+

Top non-repeatable levels by time:
    D:12: 2822 daAuts
 Snake:4: 2256 daAuts
     D:6: 1802 daAuts
   Orc:2: 1694 daAuts
    D:11: 1668 daAuts
 Snake:2: 1641 daAuts
 Snake:1: 1512 daAuts
  Lair:5: 1495 daAuts
    D:10: 1478 daAuts
     D:7: 1460 daAuts
  Lair:4: 1423 daAuts
 Snake:3: 1408 daAuts
  Lair:2: 1357 daAuts
  Lair:1: 1325 daAuts
     D:2: 1269 daAuts
